 Dungeon Crawl Stone Soup version 0.20.1-1-g8b1a95d (webtiles) character file.

320 Tr0llz0r the Slasher (level 6, -1/53 HPs)
             Began as a Draconian Berserker on Aug 25, 2017.
             Was a Believer of Trog.
             Slain by a gnoll
             ... wielding a +2 halberd of venom
              (13 damage)
             ... on level 4 of the Dungeon.
             The game lasted 00:17:38 (3744 turns).

Tr0llz0r the Slasher (Draconian Berserker)          Turns: 3744, Time: 00:17:39

Health: -1/53      AC:  6    Str: 20    XL:     6   Next: 22%
Magic:  6/6        EV: 13    Int: 11    God:    Trog [**....]
Gold:   181        SH:  0    Dex: 10    Spells: 5/5 levels left

rFire    + . .     SeeInvis .   a - +1 falchion
rCold    x . .     Gourm    .   (no shield)
rNeg     . . .     Faith    .   (armour unavailable)
rPois    .         Spirit   .   (helmet restricted)
rElec    +         Reflect  .   (no cloak)
rCorr    .         Harm     .   (no gloves)
MR       .....                  (no boots)
Stlth    +.........             (no amulet)
Regen    0.2/turn               j - ring of fire
MPRegen  0.1/turn               (no ring)

@: lethally poisoned (-1 -> -15), invisible
A: unfitting armour, horns 1, clever 1, deterioration 1, electricity resistance,
cold-blooded, AC +6
a: Berserk, Trog's Hand, Burn Spellbooks, Renounce Religion


You were on level 4 of the Dungeon.
You worshipped Trog.
Trog was pleased with you.
You were not hungry.

You visited 1 branch of the dungeon, and saw 4 of its levels.

You collected 181 gold pieces.

Inventory:

Hand Weapons
 a - a +1 falchion (weapon)
 i - a +4 spear
Missiles
 o - 5 tomahawks of dispersal (quivered)
Jewellery
 j - a ring of fire (left hand)
Wands
 h - a wand of digging (11/24)
Scrolls
 c - 4 scrolls of identify
 e - 2 scrolls of noise
 k - a scroll of magic mapping {unknown}
 n - a scroll of random uselessness {unknown}
 q - a scroll of fear {unknown}
 r - a scroll of remove curse {unknown}
Potions
 d - a potion of invisibility
 g - 2 potions of agility
 m - 2 potions of cancellation {unknown}
 p - a potion of curing {unknown}
Comestibles
 f - 6 fruits
 l - a meat ration
 s - 2 royal jellies


   Skills:
 + Level 4.6 Fighting
 + Level 5.3 Long Blades
 + Level 4.0 Dodging
 + Level 0.6 Stealth


You had 5 spell levels left.
You didn't know any spells.

Dungeon Overview and Level Annotations

Branches:
Dungeon (4/15)
 Temple: D:4-7

Altars:


Innate Abilities, Weirdness & Mutations

Your plain brown scales are hard. (AC +6)
You cannot fit into any form of body armour.
You are cold-blooded and may be slowed by cold attacks.
You have a pair of small horns on your head.
Your mind is acute. (Int +2)
Your body sometimes deteriorates upon taking damage.
You are resistant to electric shocks. (rElec)


Message History

The gnoll hits you from afar with a spear.
The gnoll hits you but does no damage.
You are poisoned.
The gnoll hits you with a spear.
* * * LOW HITPOINT WARNING * * *
You see here a spear.
You hit the gnoll. You tail-slap the gnoll.
The gnoll is moderately wounded.
You feel sick. The gnoll hits you but does no damage.
You are more poisoned.
The gnoll barely misses you.
You riposte.
You barely miss the gnoll. Your headbutt misses the gnoll.
The gnoll closely misses you.
You riposte.
You hit the gnoll but do no damage. You tail-slap the gnoll.
The gnoll is heavily wounded.
It was a potion of invisibility.
You fade into invisibility!
You feel sick. The gnoll hits you but does no damage.
You are lethally poisoned!
The gnoll hits you with a halberd of venom!
You die...

### #.####
###.##########.##.#############
#..............................
#...##########.............####
#.#.#######.......#####.......#
#.#.#.............# #######.#
#.#.#.........(...# #.#
#.#.#........g.##.###########.#
#.#.#........#@................
###.#.......<..gg.#.###########.#
......#........#..#.# #.#
#.#.#.######.###..#.# #.#
............g###..#.# #.#
........##........... #.#
..#.#.#.##..####..#.# #.#
..#.#.#.##..# #..#.[ ...
............. ...> ## #.#


You could see 3 gnolls.

Vanquished Creatures
  An ogre (D:4)
  An orc priest (D:3)
  Ijyb (D:3)
  2 gnolls
  6 adders
  3 oozes
  A worm (D:2)
  2 dart slugs (D:1)
  3 leopard geckos
  4 orcs
  A ball python (D:3)
  A giant cockroach (D:2)
  5 goblins
  9 hobgoblins
  11 jackals
  9 kobolds
  2 quokkas (D:2)
  8 bats
  5 frilled lizards
  9 rats
84 creatures vanquished.

Notes
Turn   | Place    | Note
-------+----------+-------------------------------------------
     0 | D:1      | Tr0llz0r the Draconian Berserker began the quest for the Orb.
     0 | D:1      | Reached XP level 1. HP: 19/19 MP: 1/1
   179 | D:1      | Reached XP level 2. HP: 24/26 MP: 2/2
   621 | D:1      | Reached XP level 3. HP: 32/33 MP: 3/3
  1002 | D:1      | Reached ** piety under Trog
  1643 | D:2      | Reached skill level 4 in Long Blades
  1643 | D:2      | Reached XP level 4. HP: 34/40 MP: 4/4
  2094 | D:2      | HP: 2/40 [poisoned by an adder]
  2098 | D:2      | Gained mutation: Your body sometimes deteriorates upon taking damage. [potion of mutation]
  2098 | D:2      | Gained mutation: You are resistant to electric shocks. (rElec) [potion of mutation]
  2098 | D:2      | Gained mutation: You have a pair of small horns on your head. [potion of mutation]
  2098 | D:2      | Gained mutation: Your mind is acute. (Int +2) [potion of mutation]
  2686 | D:3      | Noticed Ijyb
  2707 | D:3      | Killed Ijyb
  2707 | D:3      | Reached XP level 5. HP: 45/46 MP: 5/5
  3326 | D:4      | Noticed an ogre
  3337 | D:4      | Killed an ogre
  3337 | D:4      | Reached skill level 5 in Long Blades
  3337 | D:4      | Reached XP level 6. HP: 27/53 MP: 6/6
  3744 | D:4      | Slain by a gnoll

Skill      XL: |  1  2  3  4  5 |
---------------+----------------+-----
Dodging        | 3 4 |  4.0
Long Blades    | 4 5 |  5.3
Fighting       | 4 |  4.6
Stealth        | |  0.6

Action                   |  1- 3 |  4- 6 || total
-------------------------+-------+-------++-------
Melee: Falchion          |    77 |   124 ||   201
       Tailslap          |    12 |    14 ||    26
       Headbutt          |       |    18 ||    18
Invok: Trog's Hand       |       |     1 ||     1
  Use: Scroll            |     6 |     1 ||     7
       Potion            |       |     3 ||     3
  Eat: Bread ration      |     1 |     2 ||     3
Armor: Skin              |    29 |    76 ||   105
Dodge: Dodged            |   104 |   130 ||   234
       Rpst.: Falchion   |    33 |    42 ||    75
